AoeStats
← Arda Asar

Pilgrims

510041338Analyzed
2v2 RM · 4d ago on Sep 29, 2026· 40m 39s· 4 players
Game mode
Random Map
Map size
Medium (4 player)
Population
200
Speed
Normal
Resources
Standard
Victory
Conquest
Starting age
Dark Age
Ending age
Imperial Age
RankedLock teamsTeams togetherTeam positionsShared explorationLock speedFull tech treeHidden civsTurbo modeCheats
Victory
Defeat
🇧🇷 Dravidians · Brazil
1574
+13
🇺🇸 Berbers · United States
1311
+25
🇵🇪 Varangians · Peru
1527
-20
🇹🇷 Britons · Türkiye
1480
-18
Arda Asar
5:07 Loom
10:53 Feudal Age
11:29 Town Watch
16:33 Fletching
22:13 Castle Age
21:16 Double-Bit Axe
21:13 Horse Collar
24:56 Wheelbarrow
24:23 Heavy Plow
29:37 Imperial Age
27:17 Gold Mining
29:43 Bodkin Arrow
29:49 Padded Archer Armor
30:19 Bow Saw
37:05 Stone Mining
39:28 Hand Cart
39:02 Elite Skirmisher
Pukaso
5:21 Loom
11:51 Feudal Age
16:01 Castle Age
16:23 Fletching
17:40 Bodkin Arrow
17:43 Double-Bit Axe
19:49 Gold Mining
22:25 Wheelbarrow
25:42 Clinker Construction
26:06 Ballistics
25:47 Horse Collar
28:33 Forging
28:23 Stone Mining
30:42 Bloodlines
30:34 Husbandry
32:15 Scale Barding Armor
34:21 Hand Cart
38:18 Imperial Age
37:17 Iron Casting
Asgard
6:21 Loom
12:16 Feudal Age
14:06 Double-Bit Axe
14:23 Gold Mining
14:25 Stone Mining
16:47 Castle Age
18:03 Fletching
23:56 Wheelbarrow
29:05 Imperial Age
27:04 Bodkin Arrow
27:10 Padded Archer Armor
28:55 Hand Cart
29:06 Leather Archer Armor
28:57 Scale Barding Armor
29:03 Forging
30:07 Gold Shaft Mining
29:45 Bow Saw
30:46 Ballistics
32:08 Chemistry
32:28 Conscription
33:14 Bloodlines
34:12 Siege Engineers
33:49 Treadmill Crane
34:47 Husbandry
34:08 Light Cavalry
35:26 Bracer
35:57 Ring Archer Armor
35:03 Hussar
36:18 Conscription
36:38 Chain Barding Armor
40:23 Elite Camel Archer
Marvin Saturnino
7:53 Loom
10:29 Feudal Age
11:02 Double-Bit Axe
11:14 Town Watch
17:02 Fishing Lines
20:51 Castle Age
21:43 Medium Warships
21:24 Gillnets
22:59 Wheelbarrow
22:46 Careening
23:28 Bow Saw
23:46 Clinker Construction
24:20 Fletching
25:14 Bodkin Arrow
26:21 Padded Archer Armor
26:57 Husbandry
27:54 Thumb Ring
32:48 Wheelbarrow
32:54 Ballistics
36:22 Horse Collar
38:41 Stone Mining
42:55 Imperial Age
Connection lost

Rejoining the realm…

Still unreachable

The connection could not be restored.

Session expired

The server has moved on; the page needs a fresh start.